 Dungeon Crawl Stone Soup version 0.21.1-1-g345015f (webtiles) character file.

104 Fang the Skirmisher (level 4, -1/29 HPs)
             Began as a Gargoyle Berserker on June 6, 2018.
             Was a Believer of Trog.
             Slain by a worm (2 damage)
             ... on level 2 of the Dungeon.
             The game lasted 00:01:08 (996 turns).

Fang the Skirmisher (Gargoyle Berserker)             Turns: 996, Time: 00:01:09

Health: -1/29      AC:  5    Str: 21    XL:     4   Next: 80%
Magic:  4/4        EV: 12    Int:  8    God:    Trog [**....]
Gold:   20         SH:  0    Dex:  9    Spells: 3/3 levels left

rFire    . . .     SeeInvis .   a - +0 hand axe
rCold    . . .     Gourm    .   (no shield)
rNeg     + . .     Faith    .   b - +0 animal skin
rPois    ∞         Spirit   .   (no helmet)
rElec    +         Reflect  .   (no cloak)
rCorr    .         Harm     .   (no gloves)
MR       .....                  (no boots)
Stlth    +.........             (no amulet)
HPRegen  0.09/turn              (no ring)
MPRegen  0.09/turn              (no ring)

@: berserk cooldown, slowed, very slow
A: negative energy resistance 1, electricity resistance, unbreathing,
petrification resistance, rot immunity, AC +3
a: Berserk, Trog's Hand, Burn Spellbooks, Renounce Religion


You were on level 2 of the Dungeon.
You worshipped Trog.
Trog was pleased with you.
You were very hungry.

You visited 1 branch of the dungeon, and saw 2 of its levels.

You collected 20 gold pieces.

Inventory:

Hand Weapons
 a - a +0 hand axe (weapon)
Armour
 b - a +0 animal skin (worn)
Scrolls
 e - a scroll of remove curse {unknown}
 f - a scroll of magic mapping {unknown}
 h - a scroll of identify {unknown}
 i - a scroll of enchant armour {unknown}
 j - a scroll of fear {unknown}
Potions
 d - a potion of lignification {unknown}
 g - a potion of berserk rage {unknown}
 k - a potion of ambrosia {unknown}
Comestibles
 c - 3 rations


   Skills:
 + Level 4.0 Fighting
 + Level 3.7 Axes
 + Level 2.5 Armour
 + Level 2.3 Dodging
 + Level 0.7 Stealth


You had 3 spell levels left.
You didn't know any spells.

Dungeon Overview and Level Annotations

Branches:
Dungeon (2/15)

Altars:
Qazlal


Innate Abilities, Weirdness & Mutations

You are resistant to torment.
Your stone body is resilient. (AC +3)
You are immune to poison.
You resist negative energy. (rN+)
You are resistant to electric shocks. (rElec)
You can survive without breathing.
You are immune to petrification.
You are immune to rotting.


Message History

The adder bites you. The adder closely misses you. The adder barely misses you.
You closely miss the adder.
The adder is severely wounded.
You hit the worm. The adder completely misses you. The adder barely misses you.
The worm bites you.
* * * LOW HITPOINT WARNING * * *
You hit the adder but do no damage.
The adder is severely wounded.
You hit the worm. The adder bites you but does no damage. The adder bites you.
* * * LOW HITPOINT WARNING * * *
The worm completely misses you.
Unknown command.
You hit the adder.
The adder is severely wounded.
You barely miss the worm. The adder bites you.
* * * LOW HITPOINT WARNING * * *
The adder bites you.
* * * LOW HITPOINT WARNING * * *
The worm bites you.
You die...

##..$...... #.../.....
###.........
###.........#
########...........#
#...........#......#
.#.#####.....#......####
.#..........##†S@......#
...#...#......?).w.....#
##........#............#
......######.######....#
......# §§§#.#§§ ....#
......#§§§§#.#§§§§ ...#
....###§§§§#.#§§§§# ..#
...####§§§§#_#§§§§# ..#
...#..#§§§§###§§§§#


You could see a worm and an adder.

Vanquished Creatures
  2 adders (D:2)
  4 gnolls (D:2)
  4 giant cockroaches
  4 goblins (D:1)
  7 hobgoblins
  2 jackals (D:2)
  A ball python (D:1)
  6 bats
  8 frilled lizards
  3 kobolds
  10 rats
51 creatures vanquished.

Notes
Turn   | Place    | Note
-------+----------+-------------------------------------------
     0 | D:1      | Fang the Gargoyle Berserker began the quest for the Orb.
     0 | D:1      | Reached XP level 1. HP: 14/14 MP: 1/1
    72 | D:1      | Reached XP level 2. HP: 17/19 MP: 2/2
   353 | D:1      | Reached ** piety under Trog
   353 | D:1      | Reached XP level 3. HP: 19/24 MP: 3/3
   963 | D:2      | Found a stormy altar of Qazlal.
   978 | D:2      | Reached XP level 4. HP: 29/29 MP: 4/4
   979 | D:2      | Reached skill level 4 in Fighting
   996 | D:2      | HP: 1/29 [adder (3)]
   996 | D:2      | Slain by a worm

Skill      XL: |  1  2  3  4 |
---------------+-------------+-----
Axes           | 3 |  3.7
Dodging        | 2 |  2.3
Fighting       | 4 |  4.0
Armour         | |  2.5
Stealth        | |  0.7

Action                   |  1- 3 |  4- 6 || total
-------------------------+-------+-------++-------
Melee: Hand axe          |   136 |    15 ||   151
Invok: Berserk           |     2 |       ||     2
  Eat: Chunk             |     1 |       ||     1
Armor: Animal skin       |    62 |     3 ||    65
Dodge: Dodged            |   120 |    16 ||   136
